 Dungeon Crawl Stone Soup version 0.21.0-3-g78d12a8 (webtiles) character file.

93 MTVSty1e the Twirler (level 4, -3/39 HPs)
             Began as a Gargoyle Gladiator on Jan 17, 2018.
             Killed by divine providence
             ... invoked by an orc priest
              (12 damage)
             ... on level 3 of the Dungeon.
             The game lasted 00:01:50 (2168 turns).

MTVSty1e the Twirler (Gargoyle Gladiator)           Turns: 2168, Time: 00:01:51

Health: -3/39      AC: 22    Str: 19    XL:     4   Next: 62%
Magic:  4/4        EV:  2    Int:  8    God:
Gold:   45         SH:  0    Dex: 11    Spells: 3/3 levels left

rFire    . . .     SeeInvis .   a - +0 quarterstaff
rCold    . . .     Gourm    .   (shield currently unavailable)
rNeg     + + +     Faith    .   (armour currently unavailable)
rPois    ∞         Spirit   .   (helmet currently unavailable)
rElec    .         Reflect  .   (cloak currently unavailable)
rCorr    .         Harm     .   (gloves currently unavailable)
MR       .....     NoTele   +   (boots currently unavailable)
Stlth    +.........             (no amulet)
HPRegen  0.13/turn              (no ring)
MPRegen  0.09/turn              (no ring)

@: tree-form
A: negative energy resistance 1, petrification resistance, rot immunity, AC +3
a: no special abilities


You were on level 3 of the Dungeon.
You were not hungry.
You were a tree.
You visited 1 branch of the dungeon, and saw 3 of its levels.

You collected 45 gold pieces.

Inventory:

Hand Weapons
 a - a +0 quarterstaff (weapon)
Missiles
 d - 3 throwing nets (quivered)
Armour
 b - a +0 leather armour (melded)
 c - a +0 helmet (melded)
Scrolls
 g - 4 scrolls of remove curse {unknown}
 h - a scroll of teleportation {unknown}
 i - 5 scrolls of identify {unknown}
 l - a scroll of blinking {unknown}
 m - a scroll of random uselessness {unknown}
Potions
 e - a potion of haste {unknown}
 n - a potion of invisibility {unknown}
 o - a potion of ambrosia {unknown}
Comestibles
 f - 5 rations


   Skills:
 - Level 2.1 Fighting
 + Level 5.2 Staves
 - Level 1.7 Throwing
 - Level 2.4 Dodging


You had 3 spell levels left.
You didn't know any spells.

Dungeon Overview and Level Annotations

Branches:
Dungeon (3/15)

Altars:
Dithmenos
Fedhas


Innate Abilities, Weirdness & Mutations

You are resistant to torment.
((Your stone body is resilient. (AC +3)))
You are immune to poison.
You resist negative energy. (rN+)
((You are resistant to electric shocks. (rElec)))
((You can survive without breathing.))
You are immune to petrification.
You are immune to rotting.


Message History

The orc hits you with a hand axe.
* * * LOW HITPOINT WARNING * * *
The orc hits you with a club.
* * * LOW HITPOINT WARNING * * *
The orc hits you but does no damage.
You feel better. The orc priest barely misses you.
The orc hits you but does no damage. x3
You hit the orc priest but do no damage.
The orc priest is severely wounded.
The orc priest hits you but does no damage.
The orc hits you but does no damage. x3
You closely miss the orc priest.
The orc priest is severely wounded.
The orc priest barely misses you. The orc hits you but does no damage. x2
You barely miss the orc priest.
The orc priest is severely wounded.
The orc hits you but does no damage.
The orc priest calls down the wrath of Beogh upon you.
Beogh smites you!
You die...

#>............ #...........#
#.####.####.#
###.#.##.#..#.##########
.......................
....#.##.###.........###
....#.##........r.......
....#.##.###...ooo...# #########
...##.#........o♣.# #.......#
.####.##.########.# #####....##.#
.#....##.########.# #...#....##.#
.#.#..##........#.# #...#....##.#
.#.#..##........#.###...#....##.#
.#.#............'.......'....+..#
.#.#..##........###.#...#....####
.#.#..##........# #.#...#....#
.#.#.###........# #.#..##.####


You could see an orc priest, 3 orcs and a rat.

Vanquished Creatures
  The ghost of GreyFruit the Sneak, a weakling SpAs (D:3)
  An adder (D:3)
  An ooze (D:1)
  2 worms
  2 dart slugs
  2 leopard geckos (D:2)
  An orc (D:3)
  3 giant cockroaches
  6 goblins
  2 hobgoblins
  3 kobolds
  3 ball pythons (D:1)
  2 bats
  2 frilled lizards
  6 rats
37 creatures vanquished.

Notes
Turn   | Place    | Note
-------+----------+-------------------------------------------
     0 | D:1      | MTVSty1e the Gargoyle Gladiator began the quest for the Orb.
     0 | D:1      | Reached XP level 1. HP: 12/12 MP: 1/1
    89 | D:1      | Reached XP level 2. HP: 16/17 MP: 2/2
   838 | D:1      | Reached skill level 4 in Staves
   995 | D:2      | Reached XP level 3. HP: 21/21 MP: 3/3
  1041 | D:2      | Found a shadowy altar of Dithmenos.
  1470 | D:2      | Found a blossoming altar of Fedhas.
  1925 | D:3      | Noticed GreyFruit's ghost (weakling SpAs)
  1957 | D:3      | Killed GreyFruit's ghost
  1957 | D:3      | Reached skill level 5 in Staves
  1957 | D:3      | Reached XP level 4. HP: 3/26 MP: 4/4
  2168 | D:3      | Killed from afar by an orc priest

Skill      XL: |  1  2  3 |
---------------+----------+-----
Staves         | 4 5 |  5.2
Fighting       | |  2.1
Throwing       | |  1.7
Dodging        | |  2.4

Action                   |  1- 3 |  4- 6 || total
-------------------------+-------+-------++-------
Melee: Quarterstaff      |   108 |    23 ||   131
  Use: Potion            |       |     3 ||     3
  Eat: Chunk             |     2 |       ||     2
       Ration            |     1 |       ||     1
Armor: Leather armour    |    39 |     7 ||    46
       Skin              |       |    12 ||    12
Dodge: Dodged            |    57 |    17 ||    74
